 Dungeon Crawl Stone Soup version 0.25-a0-35-g747a2b3c0c (webtiles) character file.

Game seed: 10859108130841217882, levelgen mode: deterministic

238 Arixos the Skirmisher (level 5, -3/42 HPs)
             Began as a Demonspawn Monk on Oct 19, 2019.
             Slain by a gnoll
             ... wielding a +2 antimagic halberd
              (14 damage)
             ... on level 4 of the Dungeon.
             The game lasted 00:10:08 (3753 turns).

Arixos the Skirmisher (Demonspawn Monk)             Turns: 3753, Time: 00:10:08

Health: -3/42      AC:  8    Str: 12    XL:     5   Next: 78%
Magic:  0/5        EV: 10    Int: 12    God:
Gold:   164        SH:  0    Dex: 15    Spells: 4/4 levels left

rFire    . . .     SeeInvis .   d - +2 whip (vamp)
rCold    . . .     Gourm    .   (no shield)
rNeg     . . .     Faith    .   k - +0 scale mail
rPois    .         Spirit   .   f - +0 helmet
rElec    .         Reflect  .   l - +0 cloak
rCorr    .         Harm     .   (no gloves)
MR       .....                  (no boots)
Stlth    ..........             (no amulet)
HPRegen  0.14/turn              (no ring)
MPRegen  0.09/turn              (no ring)

@: no status effects
A: hooves 1, rot immunity
a: no special abilities


You were on level 4 of the Dungeon.
You were not hungry.

You visited 1 branch of the dungeon, and saw 4 of its levels.

You collected 164 gold pieces.

Inventory:

Hand Weapons
 d - a +2 vampiric whip (weapon)
Missiles
 i - 5 atropa-tipped darts (quivered)
Armour
 f - a +0 helmet (worn)
 k - a +0 scale mail (worn)
 l - a +0 cloak (worn)
Scrolls
 a - a scroll of blinking {unknown}
 c - 3 scrolls of remove curse {unknown}
 e - a scroll of teleportation {unknown}
 h - 5 scrolls of identify {unknown}
 j - a scroll of enchant armour {unknown}
 m - a scroll of amnesia {unknown}
 p - a scroll of magic mapping {unknown}
 q - a scroll of random uselessness {unknown}
Potions
 g - a potion of curing {unknown}
 n - a potion of haste {unknown}
Comestibles
 b - 5 rations
 o - 8 chunks of flesh


   Skills:
 + Level 4.1 Fighting
 + Level 2.1 Maces & Flails
 + Level 2.3 Armour
 + Level 3.8 Dodging
 - Level 1.7 Stealth
 - Level 2.6 Unarmed Combat


You had 4 spell levels left.
You didn't know any spells.
Your spell library was empty.

Dungeon Overview and Level Annotations

Branches:
Dungeon (4/15)
 Temple: D:4-7

Altars:
Hepliaklqana


Innate Abilities, Weirdness & Mutations

You have large cloven feet.
You are immune to rotting.


Message History

The gnoll is lightly wounded.
The gnoll closely misses you.
You closely miss the gnoll. You kick the gnoll.
The gnoll is moderately wounded.
The gnoll hits you with a +2 antimagic halberd!
You barely miss the gnoll.
The gnoll is moderately wounded.
The gnoll barely misses you.
You hit the gnoll.
You feel better.
The gnoll is heavily wounded.
The gnoll hits you with a +2 antimagic halberd!
* * * LOW HITPOINT WARNING * * *
You hit the gnoll but do no damage. Your kick misses the gnoll.
The gnoll is heavily wounded.
An eye of draining comes into view.
Your scale mail prevents you from hitting the gnoll.
The gnoll is heavily wounded.
The eye of draining turns its gaze towards you.
The gnoll hits you with a +2 antimagic halberd!
You die...

##....######.#
##....# ##.###
#<# #.รท...#
#.# #.#
#.##.#. #.#
#.# #.##.#.
#.# #.#
#.##.#. #.#
### #.##...
#.# #######
#.#######.8.
#..@g.......
#######...G.
... .


You could see an eye of draining and a gnoll.

Vanquished Creatures
  A hound (D:4)
  An orc priest (D:3)
  An orc wizard (D:4)
  4 adders
  3 worms
  2 leopard geckos
  17 orcs
  5 bats
  3 giant cockroaches
  8 goblins
  9 hobgoblins
  3 jackals (D:4)
  5 quokkas
  2 ball pythons
  9 frilled lizards
  8 kobolds
  4 rats (D:2)
85 creatures vanquished.

Notes
Turn   | Place    | Note
-------+----------+-------------------------------------------
     0 | D:1      | Arixos the Demonspawn Monk began the quest for the Orb.
     0 | D:1      | Reached XP level 1. HP: 18/18 MP: 1/1
   465 | D:1      | Gained mutation: You are immune to rotting. [demonic
                  | ancestry]
   465 | D:1      | Reached XP level 2. HP: 24/24 MP: 2/2
  1138 | D:2      | Reached skill level 1 in Armour
  1295 | D:2      | Reached XP level 3. HP: 22/29 MP: 3/3
  1439 | D:2      | Reached skill level 1 in Maces & Flails
  1703 | D:2      | Found a faded altar of an unknown god.
  1771 | D:2      | Reached XP level 4. HP: 34/36 MP: 4/4
  2320 | D:3      | Found a hazy altar of Hepliaklqana.
  2499 | D:3      | HP: 1/37 [something (5)]
  2507 | D:3      | HP: 1/37 [something/magic dart (1)]
  2838 | D:4      | Gained mutation: You have large cloven feet. [demonic
                  | ancestry]
  2838 | D:4      | Reached XP level 5. HP: 12/42 MP: 5/5
  3236 | D:3      | Reached skill level 4 in Fighting
  3752 | D:4      | Noticed an eye of draining
  3753 | D:4      | Slain by a gnoll

Levels and vault maps discovered:
D:1:      wander_arrival_abandoned_jail, layout_basic
D:2:      layout_loops_corners, chequers_ecumenical_altar_simple,
          grunt_ministairs_6, minmay_tromino_mix6
D:3:      layout_basic, nicolae_overflow_crystal_walls
D:4:      old_forge, layout_basic, trog_eyes_of_draining, xom_teletrap_fun,
          makhleb_altar_promises_db, first_ration

Skill      XL: |  1  2  3  4  5 |
---------------+----------------+-----
Armour         | 1 2 |  2.3
Dodging        | 3 |  3.8
Maces & Flails | 1 2 |  2.1
Fighting       | 4 |  4.1
Stealth        | |  1.7
Unarmed Combat | |  2.6

Action                   |  1- 3 |  4- 6 || total
-------------------------+-------+-------++-------
Melee: Unarmed           |    43 |       ||    43
       Whip              |   127 |   233 ||   360
       Kick              |       |    24 ||    24
  Use: Potion            |       |     1 ||     1
 Stab: Sleeping          |     2 |       ||     2
  Eat: Chunk             |     3 |     7 ||    10
Armor: Robe              |    19 |       ||    19
       Scale mail        |    11 |    73 ||    84
Dodge: Dodged            |    85 |    88 ||   173

Table legend:
 A = Non-vault XP
 B = Vault XP
 C = Vault XP percentage of total XP
 D = Non-vault monster count
 E = Vault monster count
 F = Vault count percentage of total count
                 A         B        C        D         E       F
            +---------+---------+-------+---------+---------+-------
      Total |     316 |      24 |   7.1 |      78 |       7 |   8.2
            +---------+---------+-------+---------+---------+-------
        D:1 |      20 |       0 |   0.0 |      12 |       0 |   0.0
        D:2 |      75 |      21 |  21.9 |      33 |       6 |  15.4
        D:3 |     110 |       0 |   0.0 |      23 |       0 |   0.0
        D:4 |     111 |       3 |   2.6 |      10 |       1 |   9.1
            +---------+---------+-------+---------+---------+-------
